SAAA
SUNSET DISTRICT FOG @ ALLOWAY HALBERDS
08/07/2037
 
TOP OF THE 1ST
Sunset District Fog batting - Pitching for Alloway Halberds : RHP Bob Browning
Pitching: RHP Bob Browning
Batting: LHB Roderick Simpson 0-0: Ball
1-0: Ball
2-0: Ball
3-0: Base on Balls
Batting: SHB Cecil Nelson 0-0: Ball
1-0: Ball
2-0: Foul Ball, location: 2F
2-1: Called Strike
2-2: Ball
3-2: Base on Balls
Roderick Simpson to second
Batting: LHB Jesús Colón 0-0: Called Strike
0-1: Ball
1-1: Ball
2-1: Fly out, F9 (Flyball, 9LM, EV 98.1 MPH)
Runner from 2nd tags up, SAFE at 3rd, no throw by RF
Batting: RHB Silvian Burger 0-0: Ball
1-0: Fielders Choice at 2nd, 1-6 (Groundball, 23, EV 71.9 MPH)
Batting: RHB José Vargas 0-0: Ball
Silvian Burger steals 2nd base
1-0: Foul Ball, location: 2F
1-1: SINGLE (Line Drive, 8LS, EV 100.0 MPH)
Roderick Simpson scores
Silvian Burger to third
Runner from 3rd tries for Home, SAFE, throw by CF to home
Batting: SHB Zack Murphy 0-0: Ball
1-0: Foul Ball, location: 2F
1-1: Swinging Strike
1-2: SINGLE (Flyball, 8RS, EV 91.2 MPH)
José Vargas to second
Batting: LHB Steve Williams 0-0: Called Strike
0-1: Fielders Choice at 2nd, U4 (Groundball, 4M, EV 85.6 MPH)
Top of the 1st over - 2 runs, 2 hits, 0 errors, 2 left on base; Sunset District 2 - Alloway 0
BOTTOM OF THE 1ST
Alloway Halberds batting - Pitching for Sunset District Fog : LHP Mark Smith
Pitching: LHP Mark Smith
Batting: RHB Tom Boyer 0-0: Ball
1-0: Ball
2-0: Called Strike
2-1: DOUBLE (Line Drive, 8LXD, EV 108.8 MPH)
Batting: RHB Carlos Garza 0-0: Called Strike
0-1: Ball
1-1: Fly out, F8 (Flyball, 8RM, EV 94.4 MPH)
Batting: RHB Arnold Giroux 0-0: Ball
1-0: Ball
2-0: Ball
3-0: Called Strike
3-1: Base on Balls
Batting: RHB Sadakuno Hashimoto 0-0: Ball
1-0: Ball
2-0: Foul Ball, location: 2F
2-1: Fly out, F9 (Flyball, 9D, EV 98.8 MPH)
Runner from 2nd tags up, SAFE at 3rd, no throw by RF
Batting: RHB Manny Gonzáles 0-0: Called Strike
0-1: SINGLE (Groundball, 34D, EV 98.8 MPH)
Tom Boyer scores
Arnold Giroux to second
Runner from 2nd tries for 3rd, SAFE, no throw by RF
Batting: LHB Juan Jimínez 0-0: Foul Ball, location: 2F
0-1: Ball
1-1: Ball
2-1: Foul Ball, location: 2F
2-2: Ball
3-2: Base on Balls
Manny Gonzáles to second
Batting: RHB Jordan Hollins 0-0: Ball
1-0: Swinging Strike
1-1: Foul Ball, location: 2F
1-2: Foul Ball, location: 2F
1-2: Strikes out looking
Bottom of the 1st over - 1 run, 2 hits, 0 errors, 3 left on base; Sunset District 2 - Alloway 1
TOP OF THE 2ND
Sunset District Fog batting - Pitching for Alloway Halberds : RHP Bob Browning
Batting: RHB Vonne Navarrete 0-0: Ball
1-0: Ball
2-0: Fly out, F8 (Flyball, 78M, EV 91.9 MPH)
Batting: RHB George Hubbard 0-0: Fly out, F4 (Popup, 3S, EV 89.4 MPH)
Batting: LHB Roderick Simpson 0-0: Called Strike
0-1: Ground out 4-3 (Groundball, 4, EV 106.9 MPH)
Top of the 2nd over - 0 runs, 0 hits, 0 errors, 0 left on base; Sunset District 2 - Alloway 1
BOTTOM OF THE 2ND
Alloway Halberds batting - Pitching for Sunset District Fog : LHP Mark Smith
Batting: LHB Brenton Winston 0-0: Ball
1-0: Foul Ball, location: 2F
1-1: Swinging Strike
1-2: Strikes out swinging
Batting: LHB Bora Garasanin 0-0: Ball
1-0: Ball
2-0: Ball
3-0: Called Strike
3-1: Foul Ball, location: 2F
3-2: Fly out, F5 (Popup, 5S, EV 86.2 MPH)
Batting: RHB Tom Boyer 0-0: Called Strike
0-1: Ball
1-1: Ball
2-1: Ball
3-1: Base on Balls
Batting: RHB Carlos Garza 0-0: Ball
1-0: Called Strike
1-1: Ball
Wild Pitch!
Tom Boyer to second
2-1: Swinging Strike
2-2: Ball
3-2: Foul Ball, location: 2F
3-2: Reached on error, E1 (Groundball, 15S, EV 69.4 MPH)
Tom Boyer to third
Batting: RHB Arnold Giroux 0-0: Ball
1-0: Ground out 4-3 (Groundball, 4, EV 86.2 MPH)
Bottom of the 2nd over - 0 runs, 0 hits, 1 error, 2 left on base; Sunset District 2 - Alloway 1
TOP OF THE 3RD
Sunset District Fog batting - Pitching for Alloway Halberds : RHP Bob Browning
Batting: SHB Cecil Nelson 0-0: Ball
1-0: Fly out, F8 (Flyball, 8LS, EV 96.9 MPH)
Batting: LHB Jesús Colón 0-0: Ball
1-0: Ball
2-0: Ball
3-0: Foul Ball, location: 2F
3-1: Foul Ball, location: 2F
3-2: DOUBLE (Flyball, 8RXD, EV 95.6 MPH)
Batting: RHB Silvian Burger 0-0: Ball
1-0: Ball
2-0: Called Strike
2-1: Ball
3-1: SINGLE (Groundball, 56D, EV 97.5 MPH)
Jesús Colón to third
Runner from 3rd tries for Home, SAFE, throw by LF to home
Batting: RHB José Vargas 0-0: Ball
1-0: SINGLE (Groundball, 34, EV 78.1 MPH) (infield hit)
Silvian Burger to second
Batting: SHB Zack Murphy 0-0: Ball
1-0: Ball
Silvian Burger is caught stealing 3rd base 2-5
2-0: SINGLE (Flyball, 78S, EV 86.9 MPH)
José Vargas to second
Batting: LHB Steve Williams 0-0: Ball
1-0: Ball
2-0: Foul Ball, location: 2F
2-1: Foul Ball, location: 2F
2-2: Ball
3-2: Foul Ball, location: 2F
3-2: Foul Ball, location: 2F
3-2: SINGLE (Line Drive, 4D, EV 103.1 MPH)
José Vargas to third
Zack Murphy to second
José Vargas scores
Zack Murphy to third
Batting: RHB Vonne Navarrete 0-0: Ball
1-0: Foul Ball, location: 2F
1-1: Swinging Strike
1-2: Strikes out swinging
Top of the 3rd over - 2 runs, 5 hits, 0 errors, 2 left on base; Sunset District 4 - Alloway 1
BOTTOM OF THE 3RD
Alloway Halberds batting - Pitching for Sunset District Fog : LHP Mark Smith
Batting: RHB Sadakuno Hashimoto 0-0: Ball
1-0: Called Strike
1-1: Ball
2-1: Fly out, F9 (Line Drive, 89M, EV 89.4 MPH)
Batting: RHB Manny Gonzáles 0-0: Swinging Strike
0-1: Ground out 6-3 (Groundball, 6, EV 88.8 MPH)
Batting: LHB Juan Jimínez 0-0: Ball
1-0: Called Strike
1-1: Ball
2-1: SINGLE (Flyball, 8LS, EV 93.1 MPH)
Batting: RHB Jordan Hollins 0-0: Ball
1-0: Called Strike
1-1: Ball
2-1: Foul Ball, location: 2F
2-2: Fly out, F8 (Flyball, 8LS, EV 82.5 MPH)
Bottom of the 3rd over - 0 runs, 1 hit, 0 errors, 1 left on base; Sunset District 4 - Alloway 1
TOP OF THE 4TH
Sunset District Fog batting - Pitching for Alloway Halberds : RHP Bob Browning
Batting: RHB George Hubbard 0-0: Called Strike
0-1: Called Strike
0-2: Strikes out swinging
Batting: LHB Roderick Simpson 0-0: Ball
1-0: Ball
2-0: Called Strike
2-1: Fly out, F7 (Flyball, 7, EV 91.9 MPH)
Batting: SHB Cecil Nelson 0-0: Called Strike
0-1: Swinging Strike
0-2: Ball
1-2: DOUBLE (Line Drive, 8RXD, EV 100.0 MPH)
Batting: LHB Jesús Colón 0-0: Ball
1-0: Called Strike
1-1: Ground out 4-3 (Groundball, 4, EV 106.9 MPH)
Top of the 4th over - 0 runs, 1 hit, 0 errors, 1 left on base; Sunset District 4 - Alloway 1
BOTTOM OF THE 4TH
Alloway Halberds batting - Pitching for Sunset District Fog : LHP Mark Smith
Batting: LHB Brenton Winston 0-0: Foul Ball, location: 2F
0-1: Ball
1-1: Ground out 1-3 (Groundball, 34S, EV 80.0 MPH)
Batting: LHB Bora Garasanin 0-0: Foul Ball, location: 2F
0-1: Ball
1-1: Foul Ball, location: 2F
1-2: Fly out, F8 (Flyball, 8LD, EV 88.1 MPH)
Batting: RHB Tom Boyer 0-0: Ground out 5-3 (Groundball, 56S, EV 61.9 MPH)
Bottom of the 4th over - 0 runs, 0 hits, 0 errors, 0 left on base; Sunset District 4 - Alloway 1
TOP OF THE 5TH
Sunset District Fog batting - Pitching for Alloway Halberds : RHP Bob Browning
Batting: RHB Silvian Burger 0-0: Called Strike
0-1: Ball
1-1: Ball
2-1: Foul Ball, location: 2F
2-2: Foul Ball, location: 2F
2-2: Foul Ball, location: 2F
2-2: Foul Ball, location: 2F
2-2: Ball
3-2: Ground out 5-3 (Groundball, 56S, EV 90.6 MPH)
Batting: RHB José Vargas 0-0: Ground out 4-3 (Groundball, 4M, EV 82.5 MPH)
Batting: SHB Zack Murphy 0-0: Swinging Strike
0-1: Foul Ball, location: 2F
0-2: Strikes out looking
Top of the 5th over - 0 runs, 0 hits, 0 errors, 0 left on base; Sunset District 4 - Alloway 1
BOTTOM OF THE 5TH
Alloway Halberds batting - Pitching for Sunset District Fog : LHP Mark Smith
Batting: RHB Carlos Garza 0-0: Called Strike
0-1: Fly out, F9 (Flyball, 9LS, EV 84.4 MPH)
Batting: RHB Arnold Giroux 0-0: Called Strike
0-1: Ball
1-1: SINGLE (Groundball, 56D, EV 103.1 MPH)
Batting: RHB Sadakuno Hashimoto 0-0: Foul Ball, location: 2F
0-1: Ball
1-1: Fly out, F8 (Line Drive, 8RD, EV 99.4 MPH)
Batting: RHB Manny Gonzáles 0-0: Ball
1-0: Ball
2-0: Foul Ball, location: 2F
2-1: Swinging Strike
2-2: Foul Ball, location: 2F
2-2: Strikes out looking
Bottom of the 5th over - 0 runs, 1 hit, 0 errors, 1 left on base; Sunset District 4 - Alloway 1
TOP OF THE 6TH
Sunset District Fog batting - Pitching for Alloway Halberds : RHP Bob Browning
Batting: LHB Steve Williams 0-0: Ground out 4-3 (Groundball, 4, EV 85.6 MPH)
Batting: RHB Vonne Navarrete 0-0: Called Strike
0-1: Foul Ball, location: 2F
0-2: Ball
1-2: Fly out, F7 (Flyball, 7, EV 91.2 MPH)
Batting: RHB George Hubbard 0-0: Ground out 5-3 (Groundball, 56, EV 92.5 MPH)
Top of the 6th over - 0 runs, 0 hits, 0 errors, 0 left on base; Sunset District 4 - Alloway 1
BOTTOM OF THE 6TH
Alloway Halberds batting - Pitching for Sunset District Fog : LHP Mark Smith
Pitching: RHP Jeff Seawright
Batting: LHB Juan Jimínez 0-0: Foul Ball, location: 2F
0-1: Ball
1-1: Fly out, F7 (Flyball, 7S, EV 86.9 MPH)
Batting: RHB Jordan Hollins 0-0: Ball
1-0: Called Strike
1-1: Ball
2-1: Ground out 5-3 (Groundball, 56, EV 91.2 MPH)
Batting: LHB Brenton Winston 0-0: Ball
1-0: Swinging Strike
1-1: SINGLE (Groundball, 25, EV 63.1 MPH) (infield hit)
Batting: LHB Bora Garasanin 0-0: Ball
1-0: Ball
Brenton Winston steals 2nd base (no throw)
2-0: Ball
3-0: Called Strike
3-1: Swinging Strike
3-2: Ground out 1-3 (Groundball, P, EV 86.2 MPH)
Bottom of the 6th over - 0 runs, 1 hit, 0 errors, 1 left on base; Sunset District 4 - Alloway 1
TOP OF THE 7TH
Sunset District Fog batting - Pitching for Alloway Halberds : RHP Bob Browning
Batting: LHB Roderick Simpson 0-0: Foul Ball, location: 2F
0-1: Swinging Strike
0-2: Strikes out looking
Batting: SHB Cecil Nelson 0-0: Foul Ball, location: 2F
0-1: Ball
1-1: Foul Ball, location: 2F
1-2: Ball
2-2: SINGLE (Flyball, 89S, EV 89.4 MPH)
Pitching: RHP Ryan Dull
Batting: LHB Jesús Colón 0-0: Called Strike
0-1: Foul Ball, location: 2F
0-2: Foul Ball, location: 2F
0-2: Foul Ball, location: 2F
0-2: Fielders Choice at 2nd, 1-6 (Groundball, 34S, EV 83.8 MPH)
Batting: RHB Silvian Burger 0-0: Ball
1-0: Ball
2-0: Foul Ball, location: 2F
2-1: Fly out, F8 (Flyball, 89S, EV 72.5 MPH)
Top of the 7th over - 0 runs, 1 hit, 0 errors, 1 left on base; Sunset District 4 - Alloway 1
BOTTOM OF THE 7TH
Alloway Halberds batting - Pitching for Sunset District Fog : RHP Jeff Seawright
Batting: RHB Tom Boyer 0-0: Ball
1-0: Ground out 6-3 (Groundball, 6, EV 106.2 MPH)
Batting: RHB Carlos Garza 0-0: Ball
1-0: Foul Ball, location: 2F
1-1: Ground out 5-3 (Groundball, 56S, EV 83.1 MPH)
Batting: RHB Arnold Giroux 0-0: Ball
1-0: Called Strike
1-1: Foul Ball, location: 2F
1-2: Strikes out swinging
Bottom of the 7th over - 0 runs, 0 hits, 0 errors, 0 left on base; Sunset District 4 - Alloway 1
TOP OF THE 8TH
Sunset District Fog batting - Pitching for Alloway Halberds : RHP Ryan Dull
Batting: RHB José Vargas 0-0: Ball
1-0: Swinging Strike
1-1: Called Strike
1-2: Ground out 6-3 (Groundball, 6, EV 88.8 MPH)
Batting: SHB Zack Murphy 0-0: Ball
1-0: Called Strike
1-1: Ball
2-1: Swinging Strike
2-2: Strikes out swinging
Batting: LHB Steve Williams 0-0: Ball
1-0: SINGLE (Groundball, 34D, EV 100.6 MPH)
Batting: RHB Vonne Navarrete 0-0: Ball
1-0: Foul Ball, location: 2F
1-1: Ball
2-1: Swinging Strike
2-2: Strikes out swinging
Top of the 8th over - 0 runs, 1 hit, 0 errors, 1 left on base; Sunset District 4 - Alloway 1
BOTTOM OF THE 8TH
Alloway Halberds batting - Pitching for Sunset District Fog : RHP Jeff Seawright
Batting: RHB Sadakuno Hashimoto 0-0: Ball
1-0: Foul Ball, location: 2F
1-1: Swinging Strike
1-2: Ball
2-2: Fly out, F8 (Flyball, 8RM, EV 96.9 MPH)
Batting: RHB Manny Gonzáles 0-0: Fly out, F9 (Flyball, 9D, EV 100.0 MPH)
Batting: LHB Juan Jimínez 0-0: Ball
1-0: Called Strike
1-1: Foul Ball, location: 2F
1-2: Foul Ball, location: 2F
1-2: Ball
2-2: Strikes out swinging
Bottom of the 8th over - 0 runs, 0 hits, 0 errors, 0 left on base; Sunset District 4 - Alloway 1
TOP OF THE 9TH
Sunset District Fog batting - Pitching for Alloway Halberds : RHP Ryan Dull
Pitching: RHP Francisco García
Batting: RHB George Hubbard 0-0: Ball
1-0: SINGLE (Flyball, 89S, EV 96.2 MPH)
Batting: LHB Roderick Simpson 0-0: Fielders Choice at 2nd, 4-6 (Groundball, 4, EV 106.2 MPH)
Batting: SHB Cecil Nelson 0-0: Ball
1-0: Ball
2-0: Fielders Choice at 2nd, 1-6 (Groundball, 23, EV 82.5 MPH)
Batting: LHB Jesús Colón 0-0: Ball
1-0: Ball
2-0: Swinging Strike
2-1: Called Strike
2-2: Ball
3-2: Foul Ball, location: 2F
3-2: Ground out 1-3 (Groundball, 34S, EV 69.4 MPH)
Top of the 9th over - 0 runs, 1 hit, 0 errors, 1 left on base; Sunset District 4 - Alloway 1
BOTTOM OF THE 9TH
Alloway Halberds batting - Pitching for Sunset District Fog : RHP Jeff Seawright
Pitching: RHP Jan Koistinen
Batting: RHB Jordan Hollins 0-0: Ball
1-0: Foul Ball, location: 2F
1-1: Ball
2-1: Called Strike
2-2: Ball
3-2: Strikes out looking
Batting: LHB Brenton Winston 0-0: Ball
1-0: Ball
2-0: Foul Ball, location: 2F
2-1: Swinging Strike
2-2: Strikes out looking
Batting: LHB Bora Garasanin 0-0: Ball
1-0: Ball
2-0: Called Strike
2-1: Ball
3-1: Base on Balls
Batting: RHB Tom Boyer 0-0: Ball
1-0: Ball
2-0: Foul Ball, location: 2F
2-1: Ball
3-1: Foul Ball, location: 2F
3-2: Foul Ball, location: 2F
3-2: Foul Ball, location: 2F
3-2: Fly out, F7 (Flyball, 7S, EV 81.9 MPH)
Bottom of the 9th over - 0 runs, 0 hits, 0 errors, 1 left on base; Sunset District 4 - Alloway 1
Thursday, January 23rd, 2020 - OOTP Baseball 20.8 Build 74